 Dungeon Crawl Stone Soup version 0.30-a0-715-gdb4ae3ece1 (webtiles) character file.

Game seed: 17112004766069704598

396 Hubris850 the Insei (level 6, 0/34 HPs)
             Began as a Merfolk Transmuter on Jan 24, 2023.
             Slain by a gnoll bouda
             ... wielding a +0 whip
              (6 damage)
             ... on level 4 of the Dungeon.
             The game lasted 00:08:54 (2888 turns).

Hubris850 the Insei (Merfolk Transmuter)            Turns: 2888, Time: 00:08:55

Health: 0/34       AC:  7    Str: 10    XL:     6   Next: 82%
Magic:  11/11      EV: 13    Int: 14    God:
Gold:   197        SH:  0    Dex: 21    Spells: 7/11 levels left

rFire   + . .      SeeInvis .    i - +4 short sword
rCold   . . .      Faith    .    (no shield)
rNeg    . . .      Spirit   .    n - +0 steam dragon scales
rPois   .          Reflect  .    (no helmet)
rElec   .          Harm     .    (no cloak)
rCorr   .          Rampage  .    f - +0 pair of gloves
Will    .....                    q - +0 pair of boots
Stlth   ++                       (no amulet)
HPRegen 0.25/turn                t - ring of protection from fire
MPRegen 0.12/turn                x - +6 ring of dexterity

@: unable to read
A: (nimble swimmer 2), mertail, frail 2, inability to read after injury 1
a: no special abilities


You were on level 4 of the Dungeon.
You visited 1 branch of the dungeon, and saw 4 of its levels.

You collected 197 gold pieces.

Inventory:

Hand Weapons
 i - a +4 short sword (weapon)
Missiles
 e - 3 poisoned darts
 s - 2 atropa-tipped darts
Armour
 a - a +0 robe
 f - a +0 pair of gloves (worn)
 l - a +0 ring mail
 n - +0 steam dragon scales (worn)
 q - a +0 pair of boots (worn)
Magical Staves
 o - a staff of cold
Jewellery
 p - a ring of protection from cold
 t - a ring of protection from fire (left hand)
 x - a +6 ring of dexterity (right hand)
Wands
 u - a wand of mindburst (15)
Scrolls
 g - 6 scrolls of teleportation
 h - a scroll of fear
 j - a scroll of immolation {unknown}
 m - 4 scrolls of amnesia
 r - a scroll of vulnerability {unknown}
 y - a scroll of brand weapon {unknown}
Potions
 b - 5 potions of lignification
 c - 3 potions of flight
 d - 2 potions of attraction


   Skills:
 - Level 1.1 Fighting
 - Level 3.0 Dodging
 - Level 2.0 Stealth
 - Level 5.0 Unarmed Combat
 + Level 3.4 Spellcasting
 + Level 4.8 Transmutations
 + Level 3.1 Ice Magic


You had 7 spell levels left.
You knew the following spells:

 Your Spells              Type           Power      Damage    Failure   Level
b - Ice Form              Ice/Tmut       13%        N/A       36%         4

Your spell library contained the following spells:

 Spells                   Type           Power      Damage    Failure   Level
 Beastly Appendage        Tmut           32%        N/A       2%          1
 Wereblood                Tmut           16%        N/A       4%          2
 Spider Form              Tmut/Pois      9%         N/A       22%         3


Dungeon Overview and Level Annotations

Branches:
Dungeon (4/15)
 Temple: D:4-7

Altars:

Shops:
D:4 :

Annotations:
D:3 1 transporter, jlumianski's ghost, novice DsFi


Innate Abilities, Weirdness & Mutations

((You are very nimble when in or above water. (Stealth+, EV+, Speed+++)))
Your lower body shifts to a powerful aquatic tail in water.
You are very frail. (-20% HP)
You occasionally lose the ability to read scrolls when taking damage.


Message History

a +0 whip; a gnoll corpse The gnoll bouda hits you but does no damage.
The gnoll bouda hits you with a +0 whip!
Things that are here:
a +0 whip; a gnoll corpse The gnoll bouda barely misses you.
A goblin comes into view. It is wielding a +0 club.
You feel less invigorated.
You feel less confused.
The goblin shouts!
The gnoll bouda hits you with a +0 whip.
You puncture the gnoll bouda!
The gnoll bouda is almost dead.
The gnoll bouda gazes fiercely through you!
You feel your attacks grow feeble. The gnoll bouda misses you.
You barely miss the gnoll bouda.
The gnoll bouda is almost dead.
The gnoll bouda hits you with a +0 whip.
You hit the gnoll bouda but do no damage.
The gnoll bouda is almost dead.
The gnoll bouda hits you with a +0 whip!
You feel threatened and lose the ability to read scrolls!
You closely miss the gnoll bouda.
The gnoll bouda is almost dead.
The gnoll bouda prays to its god.
The gnoll bouda is healed somewhat.
You hit the gnoll bouda but do no damage.
The gnoll bouda is severely wounded.
Your attacks no longer feel as feeble.
The gnoll bouda barely misses you.
You hit the gnoll bouda.
The gnoll bouda is severely wounded.
The goblin misses you.
The gnoll bouda hits you with a +0 whip!
* * * LOW HITPOINT WARNING * * *
You barely miss the gnoll bouda.
The gnoll bouda is severely wounded.
The gnoll bouda hits you with a +0 whip.
You die...

#....#..........
#....#..........
#....#...........
#....#...........
#....#..........
#....##......##.
#....##..>.g.#
#.g)........g+
#..@g........#
#............##
#.............. ..
#...............
...#######.$............
...#....##.....†........
.....................).
.....................##
.##....##...##......#


You could see a gnoll bouda and a goblin.

Vanquished Creatures
  A steam dragon (D:4)
  A howler monkey (D:4)
  A hound (D:4)
  5 gnolls (D:4)
  7 adders
  An ufetubus (D:4)
  3 worms
  8 dart slugs
  An orc (D:4)
  7 ball pythons
  4 endoplasms
  4 goblins
  6 hobgoblins
  4 quokkas
  8 bats
  2 frilled lizards
  5 kobolds
  5 rats
73 creatures vanquished.

Notes
Turn   | Place    | Note
-------+----------+-------------------------------------------
     0 | D:1      | Hubris850 the Merfolk Transmuter began the quest for the
                  | Orb.
     0 | D:1      | Reached XP level 1. HP: 15/15 MP: 3/3
   428 | D:1      | Reached skill level 1 in Stealth
   428 | D:1      | Reached XP level 2. HP: 21/21 MP: 5/5
   696 | D:1      | Reached XP level 3. HP: 20/26 MP: 6/6
   731 | D:1      | Found a faded altar of an unknown god.
   959 | D:2      | Reached skill level 4 in Unarmed Combat
  1176 | D:2      | Reached XP level 4. HP: 10/32 MP: 5/7
  1454 | D:2      | Reached skill level 5 in Unarmed Combat
  1850 | D:3      | Found a transporter.
  1855 | D:3      | Noticed jlumianski's ghost (novice DsFi)
  1856 | D:3      | Noticed an ogre
  1869 | D:3      | Noticed an ogre
  2023 | D:3      | Learned a level 4 spell: Ice Form
  2176 | D:3      | Reached skill level 1 in Ice Magic
  2176 | D:3      | Reached XP level 5. HP: 36/37 MP: 8/8
  2486 | D:3      | Gained mutation: You occasionally lose the ability to read
                  | scrolls when taking damage. [potion of mutation]
  2486 | D:3      | Gained mutation: You are frail. (-10% HP) [potion of
                  | mutation]
  2486 | D:3      | Gained mutation: You are very frail. (-20% HP) [potion of
                  | mutation]
  2501 | D:4      | Found Vetujunygo's Book Boutique.
  2534 | D:4      | Noticed a steam dragon
  2552 | D:4      | Killed a steam dragon
  2553 | D:4      | Reached XP level 6. HP: 7/34 MP: 8/10
  2888 | D:4      | Slain by a gnoll bouda

Illustrated notes

Levels and vault maps discovered:
D:1:      dpeg_arrival_orchard, layout_loops_corners,
          shapermc_ecumenical_altar_gd, skrybe_limestone_x
D:2:      layout_rooms, kennysheep_nondescript, chequers_mini_garden,
          minmay_tiny_reverse_x
D:3:      layout_rooms, gammafunk_ghost_smash, minmay_increasing_density
D:4:      layout_gridville, serial_shops, nicolae_stop_n_shop_2, st_stairs_10,
          uniq_pikel

Skill      XL: |  1  2  3  4  5  6 |
---------------+-------------------+-----
Dodging        | 3 |  3.0
Stealth        | 1 2 |  2.0
Unarmed Combat | 4 5 |  5.0
Transmutations | 3 4 |  4.8
Ice Magic      | 1 2 3 |  3.1
Spellcasting   | 3 |  3.4
Fighting       | |  1.1

Action                     |  1- 3 |  4- 6 || total
---------------------------+-------+-------++-------
  Melee: Short sword       |   103 |   187 ||   290
         Unarmed           |    16 |    43 ||    59
         Punch             |     3 |     8 ||    11
         Headbutt          |     5 |       ||     5
   Cast: Beastly Appendage |     6 |       ||     6
    Use: Scroll            |       |     9 ||     9
         Potion            |       |     6 ||     6
   Stab: Sleeping          |     1 |     2 ||     3
 Armour: Robe              |    13 |       ||    13
         Ring mail         |    21 |    88 ||   109
         Steam dragon scal |       |    11 ||    11
  Dodge: Dodged            |    86 |   159 ||   245

Table legend: (Time is in decaauts)
 A = Elapsed time spent in this place.
 B = Non-inter-level travel time spent in this place.
 C = Inter-level travel time spent in this place.
 D = Time resting spent in this place.
 E = Time spent auto-exploring this place.
 F = Levels seen in this place.
 G = Mean time per level.
                   A        B        C        D        E       F      G
               +--------+--------+--------+--------+--------+-----+--------+
         Total |   2878 |   2804 |     74 |    279 |   1707 |   4 |  719.5 |
       Dungeon |   2878 |   2804 |     74 |    279 |   1707 |   4 |  719.5 |
               +--------+--------+--------+--------+--------+-----+--------+

Top non-repeatable levels by time:
     D:1: 955 daAuts
     D:2: 831 daAuts
     D:3: 706 daAuts
     D:4: 385 daAuts
